cohdb
Replays
Latest Replays
All Replays
Popular Replays
Top Player Replays
Match Explorer
How It Works
Community
CoH3 Stats
Reddit
Sign in to upload your games and track your stats! →
Sign in with Steam
Match 43591935
Unlisted
Match 43591935
Overview
Messages
Build Orders
End
Vickers Machine Gun Team
Selects Indian Artillery Battlegroup
Royal Engineer Section
Construct Section Command Post
Infantry Section
Construct Platoon Command Post
CMP 15cwt Truck
Selects Valour
Selects Artillery Saturation
Construct Company Command Post
Selects Gurkha Rifles Section
Gurkha Rifles Section
Matilda II Heavy Tank
Selects Off-map Airburst Barrage
Off-map Airburst Barrage
Crusader II Medium Tank
Matilda II Heavy Tank
Off-map Airburst Barrage
Off-map Airburst Barrage
CMP 15cwt Truck
Selects Perimeter Monitor
Crusader II Medium Tank
Selects Volunteer Infantry
Selects Volunteer Infantry
Gurkha Rifles Section
Crusader II Medium Tank
Gurkha Rifles Section
Foot Guards Section
Infantry Training
ZimbaweanWarlord
Bia Bia Bia
Truck
.k boy
Oberst Vorschaft
Hauptmann Chartvimol
simranjitsingh713
Microsoft Word
0
0
Comments
sign in to comment!
No comments posted yet!